Map: Dusk Towers

Players

ShoWTimE

  • Race: Protoss Protoss
  • League: Master

FireCake - Winner!

  • Race: Zerg Zerg
  • League: Grandmaster

Event: Homestory Cup XII

VOD

Have the link to the VOD?

Description

Time

  • Played on: Dec. 20, 2015, 11:31 a.m.
  • Length: 13:53

All games in this series

Show
View Real Time Build Order
Export as new Build Order

ShoWTimE Protoss 

Build Orders: Nexus First, Phoenix Opening, Zealot Archon 

Get SALT Encoding   

  12  0:01  Probe (Chrono Boost)  
  13  0:11  Probe (Chrono Boost)  
  14  0:17  Pylon  
  14  0:22  Probe (Chrono Boost)  
  15  0:36  Probe (Chrono Boost)  
  16  0:46  Probe (Chrono Boost)  
  17  0:59  Nexus  
  17  1:11  Gateway  
  17  1:13  Probe (Chrono Boost)  
  18  1:20  Assimilator  
  18  1:24  Probe (Chrono Boost)  
  19  1:26  Assimilator  
  19  1:34  Probe (Chrono Boost)  
  20  1:45  Probe (Chrono Boost)  
  21  1:55  Probe (Chrono Boost)  
  21  1:58  Cybernetics Core  
  22  2:06  Probe (Chrono Boost)  
  23  2:12  Probe (Chrono Boost)  
  24  2:16  Probe (Chrono Boost)  
  24  2:22  Pylon  
  26  2:23  Probe (Chrono Boost)  
  26  2:27  Probe (Chrono Boost)  
  27  2:32  Probe (Chrono Boost)  
  27  2:34  Adept (Chrono Boost)  
  27  2:35  Warp Gate  
  30  2:38  Probe  
  30  2:40  Stargate  
  30  2:42  Probe  
  32  2:50  Probe (Chrono Boost)  
  33  2:54  Probe (Chrono Boost)  
  33  2:58  Adept  
  36  3:02  Mothership Core (Chrono Boost)  
  36  3:05  Probe (Chrono Boost)  
  39  3:10  Pylon  
  39  3:15  Probe (Chrono Boost)  
  40  3:20  Probe (Chrono Boost)  
  40  3:23  Phoenix (Chrono Boost)  
  40  3:24  Probe  
  44  3:31  Probe  
  44  3:33  Forge  
  45  3:35  Probe  
  46  3:43  Probe  
  46  3:46  Nexus  
  46  3:47  Probe  
  48  3:55  Probe  
  48  3:56  Void Ray (Chrono Boost)  
  48  3:58  Probe  
  48  4:01  Pylon  
  54  4:03  Protoss Ground Weapons Level 1 (Chrono Boost)  
  54  4:08  Probe  
  53  4:10  Probe  
  53  4:11  Pylon  
  54  4:20  Probe  
  54  4:21  Probe  
  54  4:23  Robotics Facility  
  56  4:27  Gateway  
  56  4:30  Gateway  
  56  4:33  Probe  
  56  4:35  Probe  
  56  4:37  Assimilator  
  58  4:40  Assimilator  
  58  4:45  Probe x2, Twilight Council  
  60  4:56  Probe  
  60  4:57  Probe x2  
  63  5:07  Immortal, Probe  
  63  5:09  Probe x2  
  63  5:10  Pylon  
  70  5:15  Adept  
  70  5:19  Probe, Pylon  
  74  5:21  Probe x2  
  74  5:22  Charge (Chrono Boost)  
  75  5:31  Probe  
  75  5:33  Gateway, Probe x2  
  78  5:39  Gateway  
  78  5:40  Gateway  
  78  5:43  Immortal, Probe  
  78  5:45  Probe x2  
  85  5:50  Sentry  
  85  5:53  Gateway  
  85  5:55  Probe  
  88  5:57  Probe  
  88  5:58  Assimilator x2  
  88  6:02  Pylon  
  89  6:07  Probe  
  90  6:14  Protoss Ground Weapons Level 2  
  90  6:15  Phoenix  
  92  6:19  Pylon  
  92  6:20  Immortal  
  92  6:24  Templar Archives  
  96  6:27  Pylon  
  96  6:28  Pylon  
  96  6:30  Zealot x3  
  102  6:37  Gateway  
  102  6:39  Gateway  
  102  6:41  Gateway  
  102  6:44  Pylon  
  102  6:54  Zealot x2  
  102  6:55  Zealot x3  
  102  6:57  Immortal  
  112  7:04  Pylon  
  112  7:06  High Templar x2  
  112  7:08  Pylon  
  120  7:10  Archon  
  120  7:15  Zealot x4  
  128  7:30  Pylon  
  128  7:32  Nexus  
  128  7:33  Observer  
  128  7:34  Pylon  
  128  7:35  Pylon  
  129  7:38  High Templar x4  
  137  7:45  Archon x2  
  137  7:49  Zealot x6  
  149  7:54  Warp Prism  
  149  7:55  Robotics Bay  
  149  7:57  Photon Cannon  
  151  8:10  Zealot x4  
  151  8:11  Zealot  
  161  8:17  Photon Cannon  
  161  8:25  Immortal  
  161  8:29  Resonating Glaives (Chrono Boost)  
  165  8:36  Zealot x3  
  165  8:37  Zealot x3  
  175  8:46  High Templar x4  
  169  8:57  Zealot x4  
  169  8:59  Immortal  
  165  9:04  Protoss Ground Weapons Level 3  
  165  9:08  Mothership Core  
  161  9:10  Zealot x2  
  161  9:15  Probe  
  161  9:17  Probe  
  111  9:31  Zealot  
  111  9:32  Zealot x6  
  111  9:34  Psionic Storm  
  111  9:37  Immortal  
  125  9:38  Zealot, High Templar x2  
  125  9:44  Pylon  
  133  9:48  Archon  
  134  9:52  Probe  
  134  9:56  Zealot x5  
  134  9:57  Zealot x2  
  148  10:01  Zealot  
  150  10:09  Robotics Facility  
  148  10:15  Probe x2  
  148  10:17  Immortal, Assimilator  
  154  10:23  Assimilator  
  154  10:24  High Templar x2  
  154  10:25  Zealot x5  
  168  10:29  Archon  
  168  10:30  Probe  
  169  10:37  Zealot x2  
  169  10:38  Zealot  
  161  10:52  Zealot, High Templar x2  
  161  10:53  Zealot x2  
  161  10:55  Warp Prism (Chrono Boost)  
  173  10:57  Archon  
  173  11:00  Fleet Beacon  
  173  11:02  Stargate  
  169  11:05  Immortal (Chrono Boost)  
  173  11:13  Pylon  
  173  11:15  Pylon, Blink  
  173  11:16  Zealot x4  
  173  11:17  Zealot  
  183  11:25  Pylon  
  183  11:30  Stalker  
  183  11:31  Stalker x2  
  189  11:33  Protoss Ground Armor Level 1  
  189  11:39  Dark Shrine  
  189  11:42  Immortal (Chrono Boost)  
  189  11:43  Immortal (Chrono Boost)  
  191  11:58  Zealot x3  
  197  12:03  Nexus  
  197  12:10  Pylon  
  197  12:11  Zealot x2  
  197  12:28  Tempest (Chrono Boost)  
  191  12:32  Tempest (Chrono Boost)  
  184  12:39  Zealot x4  
  180  12:49  Photon Cannon  
  180  12:50  Photon Cannon  
  176  12:53  Dark Templar x2, Zealot  
  170  13:07  Dark Templar, Tempest (Chrono Boost), Zealot  
  170  13:10  Tempest (Chrono Boost)  
  170  13:12  Zealot  
  167  13:22  Dark Templar x3  
  165  13:30  Mothership Core  
  159  13:36  Dark Templar x3  
  159  13:37  Zealot  
  147  13:42  Stalker  
Show
View Real Time Build Order
Export as new Build Order

FireCake Zerg - Winner!

Build Orders: 3 Hatch before Pool 

Get SALT Encoding   

  12  0:00  Drone  
  13  0:07  Drone  
  14  0:16  Overlord  
  14  0:22  Extractor  
  14  0:23  Drone  
  15  0:34  Drone x2  
  17  0:43  Drone  
  18  0:56  Drone  
  19  1:05  Hatchery, Drone  
  19  1:20  Hatchery  
  19  1:23  Drone  
  19  1:29  Drone  
  20  1:33  Extractor  
  19  1:40  Spawning Pool  
  19  1:43  Drone  
  19  1:49  Drone  
  20  1:59  Drone  
  21  2:13  Drone  
  22  2:20  Drone  
  22  2:21  Overlord  
  23  2:26  Queen x2  
  23  2:28  Drone  
  28  2:32  Drone  
  28  2:35  Metabolic Boost  
  28  2:36  Drone  
  30  2:41  Drone  
  30  2:42  Drone  
  32  2:47  Drone  
  33  2:51  Drone  
  33  2:53  Queen  
  36  3:06  Queen  
  36  3:09  Overlord  
  36  3:10  Drone x3  
  36  3:12  Drone  
  42  3:22  Roach Warren  
  42  3:23  Drone  
  42  3:27  Overlord  
  42  3:31  Zergling x6  
  45  3:38  Drone x5  
  50  3:42  Overlord  
  50  3:48  Drone x4  
  53  3:53  Evolution Chamber  
  53  3:54  Drone  
  53  3:55  Drone  
  55  4:01  Drone x2  
  57  4:05  Overlord  
  57  4:08  Drone  
  57  4:10  Overlord x2  
  57  4:18  Extractor x2  
  57  4:19  Zerg Missile Weapons Level 1  
  57  4:21  Drone  
  57  4:22  Drone  
  57  4:23  Overlord  
  57  4:24  Overlord  
  57  4:25  Drone x4  
  57  4:30  Drone x2  
  63  4:32  Lair  
  63  4:42  Drone x3  
  63  4:44  Extractor  
  65  4:48  Spore Crawler, Drone x4  
  65  4:49  Drone x5  
  73  4:55  Spore Crawler  
  72  5:01  Drone x3, Spore Crawler  
  72  5:03  Drone  
  72  5:04  Drone x2  
  77  5:07  Extractor  
  77  5:08  Extractor  
  75  5:14  Overlord  
  75  5:16  Drone x2  
  77  5:26  Drone x2  
  77  5:27  Drone x4  
  83  5:35  Hydralisk Den  
  83  5:38  Glial Reconstitution  
  83  5:39  Roach  
  83  5:40  Infestation Pit, Roach x5  
  93  5:44  Hatchery  
  93  5:47  Overlord x2  
  92  5:58  Pneumatized Carapace  
  94  6:04  Roach x3  
  94  6:06  Muscular Augments  
  94  6:07  Overlord, Hydralisk x5  
  108  6:14  Zerg Missile Weapons Level 2  
  108  6:22  Drone x3  
  108  6:25  Hive  
  111  6:32  Hydralisk x3  
  113  6:35  Extractor  
  113  6:36  Drone x2  
  113  6:37  Drone x2  
  113  6:39  Drone x2, Extractor  
  122  6:40  Drone  
  122  6:42  Overlord x2  
  122  6:46  Spore Crawler  
  122  6:47  Spore Crawler x2  
  120  6:52  Drone  
  120  6:53  Drone x2  
  122  6:56  Overseer  
  123  7:01  Drone x3  
  123  7:03  Roach x3  
  131  7:14  Spore Crawler  
  130  7:16  Drone x2  
  130  7:17  Drone x4  
  130  7:18  Drone  
  137  7:25  Overlord x6  
  137  7:27  Roach x3  
  142  7:38  Overlord x2  
  142  7:41  Evolution Chamber  
  142  7:42  Evolution Chamber x3  
  142  7:43  Roach x5  
  148  7:48  Viper  
  148  7:49  Viper  
  148  7:50  Overseer  
  148  7:51  Viper x2  
  154  7:56  Overlord  
  162  7:58  Roach  
  162  7:59  Roach x5  
  176  8:11  Roach  
  176  8:12  Roach x8  
  194  8:27  Hatchery, Extractor  
  194  8:28  Extractor  
  194  8:31  Evolution Chamber  
  194  8:32  Evolution Chamber  
  189  8:34  Evolution Chamber  
  189  8:36  Evolution Chamber  
  189  8:39  Roach x6  
  191  8:58  Hydralisk x4  
  199  9:09  Roach x7  
  195  9:15  Hydralisk x7  
  191  9:21  Spire  
  191  9:23  Roach  
  191  9:24  Roach x3  
  172  9:36  Roach x3  
  172  9:37  Roach  
  180  9:39  Ravager x7  
  180  9:40  Ravager x4  
  191  9:48  Roach x2  
  191  9:49  Roach x2  
  193  10:04  Drone x3  
  193  10:07  Queen  
  193  10:11  Viper x2  
  193  10:14  Drone x4  
  197  10:20  Spore Crawler  
  199  10:24  Spore Crawler  
  198  10:36  Corruptor, Greater Spire  
  198  10:42  Zerg Missile Weapons Level 3  
  186  10:55  Corruptor x3  
  186  10:56  Corruptor x2  
  196  11:03  Spore Crawler  
  196  11:04  Spore Crawler  
  194  11:05  Spore Crawler  
  194  11:06  Spore Crawler  
  194  11:08  Spine Crawler  
  194  11:09  Spine Crawler x2  
  194  11:10  Spine Crawler x2  
  194  11:11  Spine Crawler  
  186  11:31  Hydralisk x2  
  190  11:47  Brood Lord x5  
  190  11:54  Spine Crawler x2  
  199  11:56  Brood Lord  
  195  12:39  Hydralisk x5  
  193  13:00  Hydralisk x3  
  193  13:04  Hydralisk x2  
  199  13:09  Roach  
  199  13:10  Roach x9  
  197  13:15  Roach  
  195  13:36  Spine Crawler x2  
  195  13:37  Spine Crawler  
Tags
 
Add a new tag
Caveats
  • Supply blocks, unpowered buildings, or Contaminate may cause inaccurate times.
  • Supply counts are checked every 10 seconds.